 Dungeon Crawl Stone Soup version 0.16.1-2-g95b8d4c (webtiles) character file.

28245 Medar the Brawler (level 13, 0/112 (113) HPs)
             Began as a Ghoul Monk on Mar 24, 2015.
             Was the Champion of Makhleb.
             Slain by a blue devil (8 damage)
             ... in an ice cave.
             The game lasted 01:01:07 (16111 turns).

Medar the Brawler (Ghoul Monk)                     Turns: 16111, Time: 01:01:07

HP:   0/112 (113)   AC: 16    Str: 25    XL:     13   Next: 37%
MP:   9/9           EV: 14    Int:  5    God:    Makhleb [******]
Gold: 282           SH:  6    Dex: 16    Spells: 0 memorised, 12 levels left

rFire  + . .     SeeInvis .       - Unarmed
rCold  + + +     Clarity  .     A - +1 plate armour {rPois}
rNeg   + + +     SustAb   .     R - +0 buckler
rPois  ∞         Gourm    .     (no helmet)
rElec  +         Spirit   .     d - +0 cloak
rCorr  +         Warding  .     (no gloves)
rMut   .         Stasis   .     (no boots)
MR     +....                    Y - amulet of faith
Stlth  ..........               k - ring of protection from magic
                                v - ring "Shoal" {+Fly rC+}

@: mighty, agile, resistant, rotting, somewhat resistant to hostile
enchantments, extremely unstealthy
A: rotting body, claws 1, carnivore 3, cold resistance 1, negative energy
resistance 3, poison resistance, slow healing 1, torment resistance, unbreathing
a: Minor Destruction, Lesser Servant of Makhleb, Major Destruction, Greater
Servant of Makhleb, Renounce Religion, Evoke Flight


You were in an ice cave.
You worshipped Makhleb.
Makhleb was exalted by your worship.
You were not hungry.

You visited 4 branches of the dungeon, and saw 15 of its levels.
You also visited: Ice Cave and Volcano.

You collected 983 gold pieces.
You spent 701 gold pieces at shops.

Inventory:

Hand weapons
 b - a +0 blowgun
 F - the +5 long sword "Koporghu" {freeze, +Inv rPois rF+ MP+9}
   (You found it on level 5 of the Dungeon)

   It has been specially enchanted to freeze those struck by it, causing extra
   injury to most foes and up to half again as much damage against particularly
   susceptible opponents.
   It can also slow down cold-blooded creatures.
   It protects you from fire.
   It protects you from poison.
   It affects your magic capacity (+9).
   It lets you turn invisible.
Missiles
 j - 6 curare-tipped needles
 n - 41 poisoned needles
 w - a throwing net {=f =F}
 D - 21 tomahawks (quivered)
Armour
 c - a +0 scale mail of fire resistance
 d - a +0 cloak (worn)
 f - a +0 shield
 A - a +1 plate armour of poison resistance (worn)
 R - a +0 buckler (worn)
Jewellery
 k - a ring of protection from magic (right claw)
 l - an uncursed amulet of guardian spirit {unknown}
 m - an uncursed ring of protection from fire
 v - the ring "Shoal" (left claw) {+Fly rC+}
   (You found it on level 3 of the Lair of Beasts)

   [ring of flight]

   It protects you from cold.
   It lets you fly.
 L - an uncursed ring of protection from magic
 S - an uncursed ring of flight
 Y - an amulet of faith (around neck)
Magical devices
 s - a wand of digging (0)
 z - a wand of digging (12)
 B - a wand of random effects (37)
 I - a wand of disintegration (11)
 X - a wand of slowing (15)
 Z - a wand of draining (7)
Scrolls
 e - a scroll of fear
 o - a scroll of blinking {unknown}
 q - 9 scrolls of remove curse {@r1}
 r - 5 scrolls of enchant armour
 t - 2 scrolls of immolation
 y - 2 scrolls of fog
 H - 3 scrolls of recharging
 U - a scroll of teleportation {unknown}
Potions
 i - 2 potions of curing {@q1}
 p - a potion of cancellation
 E - 2 potions of restore abilities
 G - a potion of resistance
 M - 2 potions of ambrosia
Miscellaneous
 h - a stone of tremors (inert)
 W - a lamp of fire (inert)
Comestibles
 a - 2 chunks of flesh
 g - 6 meat rations {@e2}
 x - 3 royal jellies
 C - 2 beef jerkies
 K - a slice of pizza


   Skills:
 + Level 10.0 Fighting
 + Level 9.5 Armour
 - Level 2.6 Dodging
 - Level 2.1 Stealth
 - Level 6.0 Shields
 * Level 17.5 Unarmed Combat


You had 12 spell levels left.
You didn't know any spells.

Dungeon Overview and Level Annotations

Branches:
Dungeon (10/15)            Temple (1/1) D:6            Lair (3/8) D:10
    Orc (1/4) D:9
  Swamp: Lair:3-6    Shoals: Lair:3-6     Snake: Lair:3-6    Spider: Lair:3-6

Altars:
Ashenzari
Cheibriados
Dithmenos
Elyvilon
Fedhas
Gozag
Kikubaaqudgha
Makhleb
Nemelex Xobeh
Okawaru
Qazlal
Ru
Sif Muna
Trog
Vehumet
Xom
Yredelemnul
Zin
The Shining One

Shops:
D:5 ??=[   D:6 (   D:7 =%   D:8 *   D:9 }

Annotations:
Lair:1 Xoff's ghost, powerful MiFi


Innate Abilities, Weirdness & Mutations

Your body is rotting away.
You thrive on raw meat.
You have sharp fingernails.
You are carnivorous and can eat meat at any time.
Your flesh is cold resistant.
You are immune to negative energy.
Your system is resistant to poisons.
You heal slowly when monsters are visible.
You are immune to unholy pain and torment.
You can survive without breathing.


Message History

The blue devil hits you but does no damage.
The ice devil hits you.
* * * LOW HITPOINT WARNING * * *
The ice devil freezes you. You resist.
* * * LOW HITPOINT WARNING * * *
You scratch the blue devil!
The blue devil is moderately wounded.
The blue devil hits you!
* * * LOW HITPOINT WARNING * * *
Drink which item? (? for menu, Esc to quit)
You feel agile all of a sudden. The ice devil misses you.
The blue devil completely misses you.
Drink which item? (? for menu, Esc to quit)
You feel protected. You block the ice devil's attack.
You block the blue devil's attack.
You scratch the blue devil!!
The blue devil is severely wounded.
The ice devil hits you but does no damage.
The blue devil hits you!
You die...

### ####8####
#.......#
#.##4##.#
#.#)3@#.#
#.#)⌠[#.#
##.#..[#.##
####..#####.8###
#...............#
#+######'######+
+.......+
#.8...8.#
+.......+


You could see an ice devil and a blue devil.

Vanquished Creatures
  Erica (D:10)
  An ice devil (IceCv)
  An unseen horror (D:10)
  2 hill giants (D:10)
  3 ice statues (IceCv)
  A necromancer (IceCv)
  A lindwurm (Lair:1)
  3 ugly things (Volcano)
  An elephant (D:10)
  A toenail golem (Volcano)
  A centaur zombie (D:10)
  A molten gargoyle (Volcano)
  2 gargoyles (Volcano)
  3 spiny frogs
  An efreet (Volcano)
  A black mamba (Lair:2)
  4 komodo dragons
  A queen ant (Lair:2)
  5 blue devils (IceCv)
  4 wandering mushrooms (D:9)
  2 trolls (D:10)
  A two-headed ogre (D:10)
  Grinder (D:4)
  A slime creature (Lair:2)
  4 hippogriffs
  A hungry ghost (D:8)
  A wyvern (D:8)
  Eustachio (D:4)
  18 yaks
  A fire bat (Volcano)
  Grum (Orc:1)
  5 water moccasins
  3 wolves (Orc:1)
  Edmund (D:5)
  13 soldier ants (Lair:2)
  A black bear (D:10)
  14 ice beasts
  2 porcupines
  A necrophage (D:8)
  5 ogres
  10 orc warriors
  2 sky beasts (D:8)
  3 phantoms
  Duvessa (D:4)
  6 centaurs
  3 crocodiles
  2 gnoll sergeants
  10 giant frogs
  8 wights (D:10)
  4 goliath beetles
  9 hounds
  2 oklob saplings (D:9)
  12 crimson imps
  The ghost of Woebin the Caller, a weakling DESu (D:3)
  2 lava snakes (Volcano)
  7 orc priests
  9 jellies
  2 iguanas
  2 centaur skeletons
  A giant frog skeleton (D:5)
  9 orc wizards
  37 worker ants
  A killer bee zombie (D:5)
  9 sheep
  3 worker ant zombies
  5 adders
  14 river rats
  11 gnolls
  2 shadow imps (D:7)
  3 giant mites
  A white imp (D:7)
  3 worms
  An adder skeleton (D:8)
  A giant gecko (D:9)
  17 oozes
  72 orcs
  10 bats
  4 giant cockroaches
  17 hobgoblins
  4 jackals
  6 quokkas
  2 ball pythons
  6 giant newts
  A giant spore (D:10)
  15 goblins
  11 kobolds
  A quokka skeleton (D:6)
  A quokka zombie (D:5)
  14 rats
  13 ballistomycetes (D:10)
505 creatures vanquished.

Vanquished Creatures (collateral kills)
  Dowan (D:4)
  A rat (D:4)
2 creatures vanquished.

Vanquished Creatures (others)
  3 giant spores (D:10)
  A ballistomycete (D:10)
  5 fungi (Lair:2)
9 creatures vanquished.

Grand Total: 516 creatures vanquished

Notes
Turn   | Place    | Note
--------------------------------------------------------------
     0 | D:1      | Medar, the Ghoul Monk, began the quest for the Orb.
     0 | D:1      | Reached XP level 1. HP: 19/19 MP: 1/1
   267 | D:1      | Reached XP level 2. HP: 19/26 MP: 2/2
   488 | D:1      | Reached skill level 5 in Unarmed Combat
   761 | D:2      | Reached XP level 3. HP: 27/30 MP: 3/3
  1124 | D:3      | Reached XP level 4. HP: 30/37 MP: 3/3
  1179 | D:3      | Noticed Woebin's ghost (weakling DESu)
  1270 | D:3      | Killed Woebin's ghost
  1270 | D:3      | Reached skill level 1 in Armour
  1270 | D:3      | Reached skill level 6 in Unarmed Combat
  1418 | D:3      | Noticed an ogre
  1767 | D:3      | Reached XP level 5. HP: 41/43 MP: 4/4
  2083 | D:4      | Noticed Grinder
  2087 | D:4      | Noticed a phantom
  2109 | D:4      | Killed a phantom
  2109 | D:4      | Reached XP level 6. HP: 29/47 MP: 5/5
  2135 | D:4      | Killed Grinder
  2135 | D:4      | Reached skill level 7 in Unarmed Combat
  2135 | D:4      | Reached XP level 7. HP: 30/55 MP: 5/5
  2332 | D:4      | Reached skill level 5 in Fighting
  2403 | D:4      | Noticed Eustachio
  2426 | D:4      | Killed Eustachio
  2426 | D:4      | Reached skill level 8 in Unarmed Combat
  2467 | D:4      | Noticed Dowan
  2468 | D:4      | Noticed Duvessa
  2485 | D:4      | Killed Dowan
  2617 | D:4      | Killed Duvessa
  2761 | D:4      | Reached XP level 8. HP: 65/68 MP: 6/6
  2895 | D:5      | Entered Level 5 of the Dungeon
  3014 | D:5      | Reached skill level 9 in Unarmed Combat
  3027 | D:5      | Found Beeng's Magic Scroll Shoppe.
  3040 | D:5      | Bought a scroll of fear for 42 gold pieces
  3067 | D:5      | Found Qaiganum's Armour Shop.
  3124 | D:5      | Found Veinong's Jewellery Boutique.
  3309 | D:5      | Noticed Edmund
  3327 | D:5      | Killed Edmund
  3327 | D:5      | Reached skill level 10 in Unarmed Combat
  3483 | D:5      | Got a twisted long sword
  3484 | D:5      | Identified the +5 long sword "Koporghu" {freeze, +Inv rPois rF+ MP+9} (You found it on level 5 of the Dungeon)
  3545 | D:5      | Found Byney's Magic Scroll Emporium.
  4165 | D:6      | Found a staircase to the Ecumenical Temple.
  4245 | D:6      | Found a radiant altar of Vehumet.
  4386 | D:6      | Found an opulent altar of Gozag.
  4660 | D:6      | Reached XP level 9. HP: 74/74 MP: 7/7
  4815 | D:6      | Found Luge's Antique Weapon Boutique.
  4849 | D:6      | Found a snail-covered altar of Cheibriados.
  5245 | D:7      | Found Waib Raa's Jewellery Shop.
  5607 | D:7      | Found a deep blue altar of Sif Muna.
  5633 | D:7      | Found Suabbadi's Food Boutique.
  5879 | D:7      | Found a bloodstained altar of Trog.
  5949 | D:7      | Got a slimy dagger
  5950 | D:7      | Identified the +7 dagger of Harmony {pierce, Contam rPois Str-3 Int+7 Dex-5} (You found it on level 7 of the Dungeon)
  6033 | D:7      | Reached skill level 11 in Unarmed Combat
  6437 | D:8      | Reached skill level 5 in Armour
  6786 | D:8      | Found Blud's General Store.
  6790 | D:8      | Bought a +0 buckler for 58 gold pieces
  6863 | D:8      | Reached skill level 1 in Shields
  6916 | D:8      | Reached XP level 10. HP: 66/86 MP: 7/7
  7111 | D:8      | Found a glowing silver altar of Zin.
  7111 | D:8      | Found an ancient bone altar of Kikubaaqudgha.
  7248 | D:9      | Got a crude ring mail
  7285 | D:9      | Identified the +0 ring mail of Jigsaw {Contam rElec SInv} (You found it on level 9 of the Dungeon)
  7340 | D:9      | Found Twuliz's Gadget Emporium.
  7372 | D:9      | Reached skill level 5 in Shields
  7402 | D:9      | Found a blossoming altar of Fedhas.
  7859 | D:8      | Reached skill level 12 in Unarmed Combat
  7942 | D:9      | Found a staircase to the Orcish Mines.
  8093 | D:9      | Found a sacrificial altar of Ru.
  8634 | Temple   | Entered the Ecumenical Temple
  8702 | Temple   | Became a worshipper of Makhleb the Destroyer
  8702 | Temple   | Acquired Makhleb's first power
  8702 | Temple   | Acquired Makhleb's second power
  8876 | Orc:1    | Entered Level 1 of the Orcish Mines
  9035 | Orc:1    | Noticed Grum
  9045 | Orc:1    | Reached skill level 13 in Unarmed Combat
  9093 | Orc:1    | Acquired Makhleb's third power
  9099 | Orc:1    | Reached XP level 11. HP: 68/94 MP: 8/8
  9107 | Orc:1    | Killed Grum
  9324 | Orc:1    | Acquired Makhleb's fourth power
  9663 | D:10     | Entered Level 10 of the Dungeon
  9784 | D:9      | Reached skill level 14 in Unarmed Combat
 10078 | D:10     | Found a shattered altar of Ashenzari.
 10347 | D:10     | Noticed Erica
 10390 | D:10     | Killed Erica
 10537 | D:10     | Found a staircase to the Lair.
 10555 | D:10     | Acquired Makhleb's fifth power
 10746 | D:10     | Identified the Disquisition on Aerial Conjuration
 11315 | D:10     | Noticed a hill giant
 11338 | D:10     | Killed a hill giant
 11338 | D:10     | Reached skill level 15 in Unarmed Combat
 11790 | D:5      | Bought a scroll of identify for 24 gold pieces
 11790 | D:5      | Bought a scroll of identify for 24 gold pieces
 11790 | D:5      | Bought a scroll of identify for 24 gold pieces
 11790 | D:5      | Bought a scroll of identify for 24 gold pieces
 11790 | D:5      | Bought a scroll of noise for 12 gold pieces
 11791 | D:5      | Bought a scroll of enchant armour for 90 gold pieces
 11850 | D:5      | Bought a scroll of identify for 26 gold pieces
 11850 | D:5      | Bought a scroll of identify for 26 gold pieces
 11850 | D:5      | Bought a scroll of identify for 26 gold pieces
 12094 | Lair:1   | Entered Level 1 of the Lair of Beasts
 12125 | D:10     | Noticed a hill giant
 12135 | D:10     | Killed a hill giant
 12211 | D:7      | Bought an uncursed ring of protection from fire for 325 gold pieces
 12353 | Lair:1   | Reached XP level 12. HP: 101/101 MP: 9/9
 12407 | Lair:1   | Found a dark tunnel.
 12408 | Lair:1   | Noticed a lindwurm
 12420 | Lair:1   | Killed a lindwurm
 12429 | Lair:1   | Noticed Xoff's ghost (powerful MiFi)
 12464 | Volcano  | Entered a volcano
 12641 | Volcano  | Found a burning altar of Makhleb.
 12685 | Volcano  | Reached skill level 16 in Unarmed Combat
 13649 | D:10     | Killed an unseen horror
 14364 | Lair:2   | Found a shimmering altar of Xom.
 15119 | Lair:2   | Reached skill level 17 in Unarmed Combat
 15119 | Lair:2   | Reached XP level 13. HP: 111/111 MP: 9/9
 15488 | Lair:3   | Got a pair of ichor-stained gloves
 15494 | Lair:3   | Identified the cursed -2 pair of gloves "Kiexeet" {+Blink} (You found it on level 3 of the Lair of Beasts)
 15540 | Lair:3   | Got a pitted copper ring
 15542 | Lair:3   | Identified the ring "Shoal" {+Fly rC+} (You found it on level 3 of the Lair of Beasts)
 15674 | Lair:3   | Found a frozen archway.
 15697 | IceCv    | Entered an ice cave
 16106 | IceCv    | Reached skill level 10 in Fighting
 16111 | IceCv    | Slain by a blue devil

Action                   |  1- 3 |  4- 6 |  7- 9 | 10-12 | 13-15 || total
-------------------------+-------+-------+-------+-------+-------++-------
Melee: Unarmed           |    97 |   109 |   470 |  1112 |   216 ||  2004
 Fire: Blowgun           |       |       |       |    18 |       ||    18
Throw: Throwing net      |       |       |     2 |       |       ||     2
       Tomahawk          |       |       |     2 |     3 |       ||     5
Evoke: Wand              |       |       |     8 |     5 |       ||    13
       Lamp of fire      |       |       |       |     1 |     1 ||     2
       Stone of tremors  |       |       |       |     1 |       ||     1
  Use: Scroll            |       |       |     5 |    13 |     3 ||    21
       Potion            |       |       |     1 |    10 |     3 ||    14
 Stab: Sleeping          |     1 |       |       |       |       ||     1
       Invisible         |       |       |       |    10 |       ||    10
  Eat: Chunk             |     3 |     1 |    31 |    93 |     2 ||   130
       Meat ration       |       |       |       |     1 |       ||     1
